 Dungeon Crawl Stone Soup version 0.17.0-24-gcfadda4 (webtiles) character file.

95 Raultor the Insei (level 4, -3/33 HPs)
             Began as an Octopode Monk on Nov 17, 2015.
             Slain by an orc priest
             ... wielding a +0 falchion
              (6 damage)
             ... on level 3 of the Dungeon.
             The game lasted 00:03:18 (1893 turns).

Raultor the Insei (Octopode Monk)                   Turns: 1893, Time: 00:03:19

Health: -3/33      AC:  1    Str: 10    XL:     4   Next: 66%
Magic:  4/4        EV: 13    Int: 12    God:
Gold:   41         SH:  0    Dex: 15    Spells: 0 memorised, 3 levels left

rFire  . . .     SeeInvis +       - Unarmed
rCold  . . .     Clarity  .     (no shield)
rNeg   . . .     SustAt   .     (helmet restricted)
rPois  .         Gourm    .     k - amulet of rage
rElec  .         Spirit   .     e - ring of flight
rCorr  .         Warding  .     g - ring of see invisible
rMut   .         Stasis   .     (no ring)
MR     .....                    (no ring)
Stlth  +++.......               (no ring)
                                (no ring)
                                (no ring)
                                (no ring)

@: not resistant to hostile enchantments, fairly stealthy
A: almost no armour, amphibious, 8 rings, constrict 8, camouflage 1, gelatinous
body 1
a: Evoke Berserk Rage, Evoke Flight


You were on level 3 of the Dungeon.
You were hungry.

You visited 1 branch of the dungeon, and saw 3 of its levels.

You collected 41 gold pieces.

Inventory:

Jewellery
 e - a ring of flight (left tentacle)
 g - a ring of see invisible (right tentacle)
 k - an amulet of rage (around mantle)
Scrolls
 b - a scroll of amnesia {unknown}
 c - 2 scrolls of identify {unknown}
 d - a scroll of enchant weapon {unknown}
Potions
 f - a potion of agility {unknown}
 i - 2 potions of curing {unknown}
 j - a potion of cancellation {unknown}
Comestibles
 a - 4 bread rations


   Skills:
 + Level 3.7 Fighting
 + Level 3.2 Dodging
 - Level 2.6 Stealth
 + Level 5.3 Unarmed Combat


You had 3 spell levels left.
You didn't know any spells.

Dungeon Overview and Level Annotations

Branches:
Dungeon (3/15)

Altars:


Innate Abilities, Weirdness & Mutations

You cannot wear most types of armour.
You are amphibious.
You can wear up to eight rings at the same time.
You can use your tentacles to constrict eight enemies at once.
Your skin changes colour to match your surroundings (Stealth).
Your rubbery body absorbs attacks (AC +1).


Message History

You grab the orc priest. You squeeze the orc priest!
The orc priest is heavily wounded.
You constrict the orc priest, but do no damage.
The rat closely misses you.
The orc priest hits you with a falchion.
* * * LOW HITPOINT WARNING * * *
You tentacle-slap the orc priest but do no damage.
The orc priest is heavily wounded.
You constrict the orc priest, but do no damage.
The rat bites you but does no damage. The orc priest completely misses you.
You tentacle-slap the orc priest.
The orc priest is severely wounded.
You constrict the orc priest. The rat completely misses you.
The orc priest closely misses you.
You tentacle-slap the orc priest but do no damage.
The orc priest is severely wounded.
You constrict the orc priest. The rat bites you.
* * * LOW HITPOINT WARNING * * *
The orc priest hits you with a falchion.
You die...

### ... #.##.## #
#.#... .# #.#ro# .#
#.#$@####.#
#.#..#...##
#.#..#.##.##
########.....$....#.#
#...................#
#.#####.#.....######
#.............#
#..<#.#.#....##
#...#.#.##...#


You could see an orc priest and a rat.

Vanquished Creatures
  An orc wizard (D:3)
  An adder (D:2)
  An ooze (D:1)
  A worm (D:2)
  2 giant geckos
  3 orcs (D:3)
  2 ball pythons
  6 bats
  5 goblins
  4 hobgoblins
  6 kobolds
  A quokka (D:3)
  6 giant newts
  4 rats (D:1)
43 creatures vanquished.

Vanquished Creatures (others)
  An orc (D:3)
1 creature vanquished.

Grand Total: 44 creatures vanquished

Notes
Turn   | Place    | Note
--------------------------------------------------------------
     0 | D:1      | Raultor the Octopode Monk began the quest for the Orb.
     0 | D:1      | Reached XP level 1. HP: 16/16 MP: 1/1
   137 | D:1      | Reached XP level 2. HP: 18/21 MP: 2/2
   742 | D:2      | Reached XP level 3. HP: 26/26 MP: 3/3
  1477 | D:2      | Reached skill level 5 in Unarmed Combat
  1868 | D:3      | Reached XP level 4. HP: 31/31 MP: 4/4
  1893 | D:3      | Slain by an orc priest

Action                   |  1- 3 |  4- 6 || total
-------------------------+-------+-------++-------
Melee: Unarmed           |    73 |    12 ||    85
 Stab: Sleeping          |    16 |       ||    16
  Eat: Chunk             |     2 |       ||     2
